 Dungeon Crawl Stone Soup version 0.31.0-11-ge490571c62 (webtiles) character file.

Game seed: 4599640108112637094

78 qw the Shooter (level 4, -1/22 HPs)
             Began as a Spriggan Hunter on Feb 3, 2024.
             Incinerated by a bombardier beetle (6 damage)
             ... with a burning spray
             ... on level 3 of the Dungeon.
             The game lasted 00:00:06 (1854 turns).

qw the Shooter (Spriggan Hunter)                    Turns: 1854, Time: 00:00:06

Health: -1/22      AC:  4    Str:  7    XL:     4   Next: 15%
Magic:  5/5        EV: 19    Int: 10    God:
Gold:   165        SH:  0    Dex: 20    Spells: 3/3 levels left

rFire   . . .        a - +3 shortbow
rCold   . . .        (shield currently unavailable)
rNeg    . . .        c - +0 robe
rPois   .            (helmet restricted)
rElec   .            h - +1 cloak
rCorr   .            (gloves unavailable)
SInv    +            (boots unavailable)
Will    .....        (no amulet)
Stlth   +            (no ring)
HPRegen 0.23/turn    (no ring)
MPRegen 0.09/turn

%: no passive effects
@: on fire, about to teleport, glowing, very quick
A: very small, no large weapons, unfitting armour, see invisible, speed 3
a: no special abilities


You were on level 3 of the Dungeon.
You visited 1 branch of the dungeon, and saw 3 of its levels.

You collected 165 gold pieces.


Innate Abilities, Weirdness & Mutations

You are very small and have problems with some larger weapons.
You are too small for most types of armour.
You have supernaturally acute eyesight. (SInv)
You cover ground extremely quickly. (Speed+++)


   Skills:
 - Level 1.5 Fighting
 - Level 5.1 Ranged Weapons
 + Level 4.3 Dodging
 - Level 1.5 Stealth


You had 3 spell levels left.
You didn't know any spells.
Your spell library was empty.

Inventory:

Hand Weapons
 a - a +3 shortbow (weapon)
Armour
 c - a +0 robe (worn)
 h - a +1 cloak (worn)
Potions
 f - a potion of enlightenment {unknown}
 k - a potion of ambrosia {unknown}
 m - a potion of degeneration {unknown}

Dungeon Overview and Level Annotations

Branches:
Dungeon (3/15)

Altars:


Message History

You shoot an arrow. The arrow hits the quokka.
The quokka is severely wounded.
The quokka misses you. The quokka closely misses you.
You shoot an arrow. The arrow hits the quokka.
You kill the quokka!
You see here a quokka corpse.
Found a leather armour.
You hear the slow rusting of a drain very nearby.
You now have 165 gold pieces (gained 12).
A rat comes into view.
You shoot an arrow. The arrow hits the rat.
You kill the rat!
A bombardier beetle comes into view.
You shoot an arrow.
The arrow hits the bombardier beetle but does no damage.
You shoot an arrow.
The arrow barely misses the bombardier beetle.
You shoot an arrow. The arrow hits the bombardier beetle.
The bombardier beetle is lightly wounded.
The bombardier beetle sprays incendiary fluid at you.
The burning spray hits you.
You are covered in liquid fire!
You shoot an arrow.
The arrow closely misses the bombardier beetle.
The liquid fire burns you!
You shoot an arrow. The arrow hits the bombardier beetle.
The bombardier beetle is heavily wounded.
The liquid fire burns you!
You shoot an arrow.
The arrow hits the bombardier beetle but does no damage.
The bombardier beetle is heavily wounded.
The liquid fire burns you!
You shoot an arrow.
The arrow closely misses the bombardier beetle.
The liquid fire burns you!
1854 ||| READING scroll of teleportation.
As you read the scroll of teleportation, it crumbles to dust.
You feel strangely unstable. The liquid fire burns you!
You die...

.............#####..#
##. ...................
...
...........###..#####...
........##............#
.......#########..##.##
......## #........####
####..# #.###........ #
#..## # ##.##.....
###.## #@.# ..... #...#
#.## #### ..### ..B# ..#
#.##. #.# ... . #.# #.#
.. #.. #.. .. ###. #.
... # .#


You could see a bombardier beetle.

Vanquished Creatures
  Robin (D:2)
  An adder (D:2)
  2 dart slugs (D:1)
  An orc (D:3)
  4 bats
  3 endoplasms (D:1)
  A giant cockroach (D:1)
  9 goblins
  4 hobgoblins
  6 jackals
  2 quokkas
  4 ball pythons
  3 frilled lizards
  A kobold (D:1)
  7 rats
49 creatures vanquished.

Notes
Turn   | Place    | Note
-------+----------+-------------------------------------------
     0 | D:1      | qw the Spriggan Hunter began the quest for the Orb.
     0 | D:1      | Reached XP level 1. HP: 10/10 MP: 2/2
     0 | D:1      | 0 ||| qw: Version: 0.3-a-157-g843a77d
     0 | D:1      | 0 ||| qw: Game counter: 3858
     0 | D:1      | 0 ||| qw: Melee chars always use a shield: true
     0 | D:1      | 0 ||| qw: God list: Okawaru
     0 | D:1      | 0 ||| qw: Allow faded altars: false
     0 | D:1      | 0 ||| qw: Do Orc after clearing Dungeon:15 true
     0 | D:1      | 0 ||| qw: Do second Lair branch before Depths: true
     0 | D:1      | 0 ||| qw: Lair rune preference: random
     0 | D:1      | 0 ||| qw: Goals: Normal
     0 | D:1      | 0 ||| PLANNING D:1-11
    62 | D:1      | Reached skill level 3 in Dodging
   157 | D:1      | Reached XP level 2. HP: 14/14 MP: 3/3
   845 | D:1      | Reached XP level 3. HP: 13/18 MP: 4/4
   934 | D:1      | 934 ||| UPGRADING to +0 cloak.
   939 | D:1      | 939 ||| READING scroll labelled PAUTZI OLE DIMP.
   939 | D:1      | 939 ||| ENCHANTING +0 cloak.
   940 | D:1      | 940 ||| READING 2 scrolls labelled RENAPP VIQEE.
   940 | D:1      | 940 ||| ENCHANTING +0 shortbow.
   941 | D:1      | 941 ||| READING scroll of enchant weapon.
   941 | D:1      | 941 ||| ENCHANTING +1 shortbow.
   942 | D:1      | 942 ||| READING 2 scrolls labelled QUL DAYLIRESEM.
   943 | D:1      | 943 ||| READING scroll labelled MIWNOIXKAH.
   944 | D:1      | 944 ||| READING scroll labelled APTICSI SUSIG.
   944 | D:1      | 944 ||| IDENTIFYING fuming orange potion
   945 | D:1      | 945 ||| READING scroll labelled GAQOYG ATRE.
   946 | D:1      | 946 ||| DROPPING scroll of butterflies.
   947 | D:1      | 947 ||| DROPPING scroll of poison.
   948 | D:1      | 948 ||| DROPPING potion of lignification.
   950 | D:1      | 950 ||| Stepping ~*~*~tactically~*~*~ (cloud).
  1187 | D:2      | 1187 ||| READING scroll of enchant weapon.
  1187 | D:2      | 1187 ||| ENCHANTING +2 shortbow.
  1386 | D:2      | Noticed Robin
  1391 | D:2      | Killed Robin
  1478 | D:2      | Reached skill level 5 in Ranged Weapons
  1522 | D:2      | Reached XP level 4. HP: 22/22 MP: 5/5
  1742 | D:2      | 1742 ||| READING 2 scrolls labelled MOARURI JOTZAQOXU.
  1745 | D:2      | 1745 ||| READING scroll labelled LEFON ISIEH.
  1746 | D:2      | 1746 ||| READING scroll labelled BEUCAUPT UROMI.
  1758 | D:3      | 1758 ||| PLANNING SEWER
  1853 | D:3      | HP: 5/22 [burnt (5)]
  1854 | D:3      | 1854 ||| READING scroll of teleportation.
  1854 | D:3      | Incinerated by a bombardier beetle

Levels and vault maps discovered:
D:1:      dpeg_arrival_radiant, layout_loops_corners, minmay_misc_feat_five
D:2:      layout_basic, uniq_robin
D:3:      layout_rooms, gup_sewer_entry_spiral

Skill      XL: |  1  2  3 |
---------------+----------+-----
Dodging        | 3 4 |  4.3
Ranged Weapons | 5 |  5.1
Fighting       | |  1.5
Stealth        | |  1.5

Action                     |  1- 3 |  4- 6 || total
---------------------------+-------+-------++-------
   Fire: Shortbow          |    88 |    25 ||   113
    Use: Scroll            |     8 |     4 ||    12
 Armour: Robe              |     9 |     1 ||    10
  Dodge: Dodged            |    35 |     6 ||    41

Table legend:
 A = Non-vault XP
 B = Vault XP
 C = Vault XP percentage of total XP
 D = Non-vault monster count
 E = Vault monster count
 F = Vault count percentage of total count
                 A         B        C        D         E       F
            +---------+---------+-------+---------+---------+-------
      Total |      83 |      29 |  25.9 |      41 |       8 |  16.3
            +---------+---------+-------+---------+---------+-------
        D:1 |      46 |       0 |   0.0 |      25 |       0 |   0.0
        D:2 |      22 |      29 |  56.9 |       8 |       8 |  50.0
        D:3 |      15 |       0 |   0.0 |       8 |       0 |   0.0
            +---------+---------+-------+---------+---------+-------
